 Dungeon Crawl Stone Soup version 0.24-a0-203-gf0bc1e9 (webtiles) character file.

Game seed: 14869527611512941462

545 Borgoz the Skirmisher (level 7, -2/66 HPs)
             Began as a Kobold Fighter on Mar 26, 2019.
             Slain by Pikel
             ... wielding a +1 whip of freezing
              (5 damage)
             ... on level 3 of the Dungeon.
             The game lasted 00:06:46 (3645 turns).

Borgoz the Skirmisher (Kobold Fighter)              Turns: 3645, Time: 00:06:47

Health: -2/66      AC:  6    Str: 21    XL:     7   Next: 53%
Magic:  11/11      EV: 15    Int:  9    God:
Gold:   194        SH:  0    Dex: 16    Spells: 11/11 levels left

rFire    . . .     SeeInvis .   a - +0 rapier
rCold    . . .     Gourm    .   (shield restricted)
rNeg     . . .     Faith    .   m - +0 ring mail
rPois    .         Spirit   .   (no helmet)
rElec    .         Reflect  .   (no cloak)
rCorr    .         Harm     .   r - +0 pair of gloves
MR       +....                  (no boots)
Stlth    ..........             (no amulet)
HPRegen  0.21/turn              (no ring)
MPRegen  0.12/turn              (no ring)

@: berserking, very quick
A: small, talons 1, carnivore, magic resistance 1, strong 1, subdued magic 1
a: no special abilities


You were on level 3 of the Dungeon.
You were very full.

You visited 1 branch of the dungeon, and saw 4 of its levels.

You collected 194 gold pieces.

Inventory:

Hand Weapons
 a - a +0 rapier (weapon)
Missiles
 s - 6 tomahawks (quivered)
Armour
 c - a +0 shield
 m - a +0 ring mail (worn)
 r - a +0 pair of gloves (worn)
Jewellery
 d - a +4 ring of evasion {unknown}
Wands
 p - a wand of disintegration (16)
Scrolls
 b - 6 scrolls of identify {unknown}
 e - 2 scrolls of remove curse {unknown}
 j - a scroll of blinking {unknown}
 k - 4 scrolls of teleportation {unknown}
 l - 2 scrolls of enchant armour {unknown}
 n - 2 scrolls of amnesia {unknown}
 o - 2 scrolls of magic mapping {unknown}
 t - a scroll of noise {unknown}
Potions
 i - a potion of haste {unknown}
 u - a potion of cancellation {unknown}
Comestibles
 f - 2 rations


   Skills:
 + Level 4.6 Fighting
 + Level 4.5 Short Blades
 + Level 3.4 Armour
 + Level 3.0 Dodging
 + Level 4.0 Stealth
 - Level 2.4 Shields
 + Level 2.7 Spellcasting
 + Level 2.2 Evocations


You had 11 spell levels left.
You didn't know any spells.
Your spell library was empty.

Dungeon Overview and Level Annotations

Branches:
Dungeon (4/15)
 Temple: D:4-7

Altars:
Cheibriados
Kikubaaqudgha
Nemelex Xobeh
Qazlal
Xom

Annotations:
D:3 3 runed translucent doors, Hasart's ghost, amateur OpTm; Pikel
D:4 2 transporters


Innate Abilities, Weirdness & Mutations

You are small and have problems with some larger weapons.
You are carnivorous and can eat meat at any time.
You have sharp toenails.
You are resistant to hostile enchantments. (MR+)
Your muscles are strong. (Str +2)
Your spells are a little easier to cast, but a little less powerful.


Message History

* * * LOW HITPOINT WARNING * * *
Pikel freezes you.
* * * LOW HITPOINT WARNING * * *
It was a potion of berserk rage.
A red film seems to cover your vision as you go berserk!
You feel yourself moving faster!
You feel mighty! Pikel hits you but does no damage.
You hit Pikel. Your kick misses Pikel.
Pikel is heavily wounded.
Pikel closely misses you.
You closely miss Pikel. You claw Pikel.
Pikel is heavily wounded.
Pikel says, "You'll fetch a fair price!"
Pikel barely misses you.
You closely miss Pikel. Your kick misses Pikel.
Pikel is heavily wounded.
You hit Pikel.
Pikel is severely wounded.
Pikel hits you with a +1 whip of freezing.
You die...

.......#......)......##.....#....
........#........................
.......(#......##........#.....#.
#.......##.#...######..##.#.###.#
#...........#.....###.##.⌠.###.⌠.
#....................####.###.#.#
#...........#.....#..#.###.#.###.
#......#.#..#..K....#.⌠.###.8.###
.....+##....###.@....#.#.###.#.##
.#)#..###...###.#.##.####.#.###.#
.#.#..# #.>...#.#.###.##.⌠.###.⌠.
.###..# ###.#.#.#.#.##.##.###.#.#
......# #.#.#.#...###..#.....#.
......# #[#.#.#.#.# #....###...
.###..# #...#.#.#.# #..........
.#....# ###.#.#.#.###.#########
.###..# ###.#.#.....#


You could see Pikel.

Vanquished Creatures
  A phantom (D:4)
  An ogre (D:4)
  A scorpion (D:4)
  A hound (D:2)
  An orc priest (D:4)
  3 orc wizards (D:3)
  Terence (D:3)
  A hound skeleton (D:4)
  3 adders
  An ooze (D:1)
  A worm (D:3)
  3 dart slugs
  A leopard gecko (D:2)
  11 orcs
  2 ball pythons (D:1)
  8 giant cockroaches
  18 goblins
  6 hobgoblins
  4 jackals
  3 quokkas
  5 bats
  6 frilled lizards
  9 kobolds
  6 rats
97 creatures vanquished.

Notes
Turn   | Place    | Note
-------+----------+-------------------------------------------
     0 | D:1      | Borgoz the Kobold Fighter began the quest for the Orb.
     0 | D:1      | Reached XP level 1. HP: 14/14 MP: 1/1
    49 | D:1      | Reached XP level 2. HP: 19/19 MP: 2/2
   162 | D:1      | Reached skill level 1 in Stealth
   413 | D:1      | Reached XP level 3. HP: 23/23 MP: 4/4
   511 | D:1      | Reached skill level 1 in Dodging
   553 | D:1      | Reached skill level 1 in Spellcasting
   658 | D:1      | Found a snail-covered altar of Cheibriados.
  1126 | D:2      | Found a stormy altar of Qazlal.
  1206 | D:2      | Reached XP level 4. HP: 23/28 MP: 5/5
  1498 | D:2      | Reached XP level 5. HP: 21/33 MP: 7/7
  1773 | D:2      | Found a sparkling altar of Nemelex Xobeh.
  1909 | D:3      | Noticed Terence
  1931 | D:3      | Killed Terence
  2167 | D:3      | Found a runed translucent gate.
  2220 | D:3      | Found a runed translucent gate.
  2220 | D:3      | Found a runed translucent gate.
  2221 | D:3      | Noticed a big kobold
  2221 | D:3      | Noticed Hasart's ghost (amateur OpTm)
  2221 | D:3      | Identified the +6 whip "Olisesiu" {chaos, Dex+3}
  2362 | D:3      | Reached XP level 6. HP: 23/38 MP: 8/8
  2617 | D:3      | Reached skill level 1 in Evocations
  3043 | D:4      | Found a transporter.
  3119 | D:4      | Found an ancient bone altar of Kikubaaqudgha.
  3141 | D:4      | Found a shimmering altar of Xom.
  3227 | D:4      | Noticed an ogre
  3235 | D:4      | Killed an ogre
  3235 | D:4      | Reached XP level 7. HP: 18/44 MP: 10/10
  3435 | D:4      | Found a transporter.
  3601 | D:4      | Noticed Pikel
  3640 | D:3      | Gained mutation: You have sharp toenails. [potion of
                  | mutation]
  3640 | D:3      | Gained mutation: Your spells are a little easier to cast,
                  | but a little less powerful. [potion of mutation]
  3640 | D:3      | Gained mutation: Your muscles are strong. (Str +2) [potion
                  | of mutation]
  3640 | D:3      | Gained mutation: You are resistant to hostile enchantments.
                  | (MR+) [potion of mutation]
  3640 | D:3      | HP: 2/44 [Pikel/+1 whip of freezing (3)]
  3645 | D:3      | Slain by Pikel

Levels and vault maps discovered:
D:1:      sevenhm_arrival_forest_fort_small_6, layout_basic, cheibriados_altar_1
D:2:      layout_basic, lemuel_crystal_altar, lemuel_doored_altar,
          minmay_misc_feat_columns
D:3:      layout_basic, gammafunk_ghost_nasty_kobolds, grunt_ministairs_10,
          minmay_misc_feat_nine_boxes, grunt_decor_mini_mirrors, uniq_terence
D:4:      gammafunk_steamed_eel, layout_layer_cave, grunt_temple_overflow_open,
          lightli_corner_chamber, uniq_pikel

Skill      XL: |  1  2  3  4  5  6  7 |
---------------+----------------------+-----
Stealth        | 1 2 3 4 |  4.0
Short Blades   | 3 4 |  4.5
Dodging        | 1 2 3 |  3.0
Spellcasting   | 1 2 |  2.7
Fighting       | 4 |  4.6
Armour         | 3 |  3.4
Evocations     | 1 2 |  2.2
Shields        | |  2.4

Action                   |  1- 3 |  4- 6 |  7- 9 || total
-------------------------+-------+-------+-------++-------
Melee: Rapier            |   128 |   211 |    60 ||   399
       Kick              |       |       |     1 ||     1
Evoke: Wand              |       |     3 |     1 ||     4
  Use: Potion            |       |     2 |     3 ||     5
 Stab: Sleeping          |     2 |     2 |       ||     4
  Eat: Chunk             |     8 |     8 |     1 ||    17
Armor: Scale mail        |    31 |       |       ||    31
       Ring mail         |    16 |    66 |    12 ||    94
Dodge: Dodged            |    74 |   141 |    34 ||   249
Block: Shield            |     3 |       |       ||     3

Table legend:
 A = Non-vault XP
 B = Vault XP
 C = Vault XP percentage of total XP
 D = Non-vault monster count
 E = Vault monster count
 F = Vault count percentage of total count
                 A         B        C        D         E       F
            +---------+---------+-------+---------+---------+-------
      Total |     744 |      35 |   4.5 |      94 |       3 |   3.1
            +---------+---------+-------+---------+---------+-------
        D:1 |      52 |       0 |   0.0 |      29 |       0 |   0.0
        D:2 |     101 |       0 |   0.0 |      26 |       0 |   0.0
        D:3 |     193 |      35 |  15.4 |      28 |       3 |   9.7
        D:4 |     398 |       0 |   0.0 |      11 |       0 |   0.0
            +---------+---------+-------+---------+---------+-------
